 Dungeon Crawl Stone Soup version 0.22.0-38-g04b72b8 (webtiles) character file.

1945 torrenera the Ogre Mage (level 9, -2/74 HPs)
             Began as an Ogre Fire Elementalist on Aug 28, 2018.
             Slain by a centaur
             ... wielding a cursed -3 shortbow
              (8 damage)
             ... on level 6 of the Dungeon.
             The game lasted 00:20:30 (7922 turns).

torrenera the Ogre Mage (Ogre Fire Elementalist)    Turns: 7922, Time: 00:20:31

Health: -2/74      AC:  3    Str: 14    XL:     9   Next: 18%
Magic:  9/22       EV: 10    Int: 19    God:
Gold:   152        SH:  0    Dex:  9    Spells: 17/26 levels left

rFire    . . .     SeeInvis .   a - +2 dagger (venom)
rCold    . . .     Gourm    .   (no shield)
rNeg     . . .     Faith    .   g - +0 robe
rPois    .         Spirit   .   (helmet restricted)
rElec    .         Reflect  .   (no cloak)
rCorr    .         Harm     .   (gloves unavailable)
MR       .....                  (boots unavailable)
Stlth    +.........             (no amulet)
HPRegen  0.22/turn              (no ring)
MPRegen  0.18/turn              (no ring)

@: very slightly contaminated
A: large, unfitting armour, tough skin 1
a: no special abilities


You were on level 6 of the Dungeon.
You were not hungry.

You visited 1 branch of the dungeon, and saw 6 of its levels.

You collected 236 gold pieces.
You spent 84 gold pieces at shops.

Inventory:

Hand Weapons
 a - a +2 dagger of venom (weapon)
 b - a +0 hunting sling
 o - a +0 war axe
 x - a +2 dagger of venom
 y - a +2 flail of draining
Missiles
 d - 136 stones (quivered)
 f - 2 javelins
 D - 4 tomahawks of dispersal
Armour
 g - a +0 robe (worn)
Jewellery
 q - an uncursed amulet of rage {unknown}
 v - a +5 ring of protection {unknown}
 C - a +4 ring of strength {unknown}
Wands
 E - a wand of random effects (36)
Scrolls
 h - a scroll of fear
 j - 7 scrolls of identify {unknown}
 l - 7 scrolls of remove curse
 n - 4 scrolls of amnesia {unknown}
 p - a scroll of teleportation {unknown}
 r - 2 scrolls of blinking {unknown}
 s - 2 scrolls of fog {unknown}
 t - a scroll of immolation {unknown}
 w - a scroll of enchant armour {unknown}
Potions
 e - 3 potions of curing
 i - 4 potions of agility {unknown}
 k - a potion of haste {unknown}
 m - 2 potions of lignification {unknown}
 u - 2 potions of heal wounds
 z - a potion of degeneration {unknown}
 A - a potion of brilliance {unknown}
 B - a potion of resistance {unknown}
Comestibles
 c - 14 rations
 F - 14 chunks of flesh


   Skills:
 - Level 1.7 Dodging
 - Level 1.4 Stealth
 - Level 9.3 Spellcasting
 * Level 3.5 Conjurations
 + Level 7.3 Fire Magic


You had 17 spell levels left.
You knew the following spells:

 Your Spells              Type           Power        Failure   Level  Hunger
a - Flame Tongue          Conj/Fire      ####.        1%          1    None
b - Conjure Flame         Conj/Fire      ####....     2%          3    None
c - Sticky Flame          Conj/Fire      ####....     9%          4    ###....
d - Summon Small Mammal   Summ           #...         9%          1    None

Your spell library contained the following spells:

 Spells                   Type           Power        Failure   Level  Hunger
 Throw Flame              Conj/Fire      ####..       1%          2    None
 Inner Flame              Hex/Fire       ###.....     5%          3    None
 Summon Guardian Golem    Hex/Summ       #.......     24%         3    None
 Fireball                 Conj/Fire      ####......   24%         5    #####..
 Petrify                  Tmut/Erth      #.......     63%         4    ###....
 Summon Forest            Summ/Tloc      #.........   92%         5    #####..
 Haunt                    Necr/Summ      #.........   100%        7    #######
 Malign Gateway           Summ/Tloc      #.........   100%        7    #######
 Borgnjor's Revivificati  Necr           #.........   100%        8    #######
 Death's Door             Chrm/Necr      #.........   100%        8    #######
 Infestation              Necr           #.........   100%        8    #######
 Necromutation            Tmut/Necr      #.........   100%        8    #######


Dungeon Overview and Level Annotations

Branches:
Dungeon (6/15)
 Temple: D:4-7

Altars:
Hepliaklqana
Kikubaaqudgha
Uskayaw
Wu Jian

Shops:
D:5 *

Annotations:
D:6 Dowan


Innate Abilities, Weirdness & Mutations

You are too large for most types of armour.
You have tough skin. (AC +1)


Message History

The centaur shoots an arrow.
The arrow hits you!
You see here an arrow.
The centaur shoots an arrow.
The arrow closely misses you.
You see here an arrow.
The orc wizard casts a spell at you. The magic dart hits you!
* * * LOW HITPOINT WARNING * * *
The centaur hits you with a shortbow.
* * * LOW HITPOINT WARNING * * *
The centaur hits you with a shortbow!
* * * LOW HITPOINT WARNING * * *
Casting: Sticky Flame (safe; 9% risk of failure)
Confirm with . or Enter, or press ? or * to list all spells.
Aiming: Sticky Flame (safe; 9% risk of failure)
Press: ? - help, Shift-Dir - straight line, f - centaur
Aim: a centaur, wielding a shortbow You miscast Sticky Flame.
You are very lightly contaminated with residual magic.
Nothing appears to happen.
The centaur hits you with a shortbow!
You die...

..##.####.# .#
#.........# .#
.##.##)######.#
#.)......รท.....#
#.##.....))##.o#
.......#.#.##..#
#........#.c((.# #
#.#####.#####c## #
#...........@.# #
######...###### #
#...# # #...# # #...#
# #...# . #
######...######..
####.................
.....................


You could see a centaur and an orc wizard.

Vanquished Creatures
  Edmund (D:4)
  2 sky beasts
  A phantom (D:5)
  5 ogres
  2 centaurs
  2 big kobolds (D:6)
  A bullfrog (D:6)
  2 vampire bats (D:2)
  A crimson imp (D:5)
  A bullfrog zombie (D:4)
  A jelly (D:5)
  8 orc wizards
  2 orc priests
  A bullfrog skeleton (D:5)
  2 iguanas
  A worker ant (D:4)
  A gnoll (D:1)
  5 adders
  A shadow imp (D:5)
  2 oozes
  2 worms (D:2)
  A dart slug (D:3)
  5 leopard geckos
  27 orcs
  A ball python (D:2)
  5 bat zombies (D:2)
  5 giant cockroaches
  5 goblins
  9 hobgoblins
  11 kobolds
  2 quokkas
  7 bats
  8 frilled lizards
  A quokka skeleton (D:6)
  7 rats
138 creatures vanquished.

Notes
Turn   | Place    | Note
-------+----------+-------------------------------------------
     0 | D:1      | torrenera the Ogre Fire Elementalist began the quest for the Orb.
     0 | D:1      | Reached XP level 1. HP: 16/16 MP: 3/3
   402 | D:1      | Reached skill level 3 in Spellcasting
   402 | D:1      | Reached XP level 2. HP: 21/24 MP: 0/6
   706 | D:1      | Reached XP level 3. HP: 26/31 MP: 5/7
   962 | D:1      | Learned a level 3 spell: Conjure Flame
  1802 | D:2      | Reached XP level 4. HP: 39/39 MP: 9/9
  1829 | D:2      | Found an ornate altar of the Wu Jian Council.
  2225 | D:2      | Reached skill level 4 in Spellcasting
  2395 | D:2      | Found an ancient bone altar of Kikubaaqudgha.
  2409 | D:2      | Reached XP level 5. HP: 41/45 MP: 0/12
  2573 | D:2      | Reached skill level 5 in Spellcasting
  2732 | D:3      | Noticed a centaur
  2743 | D:3      | Killed a centaur
  2743 | D:3      | Reached XP level 6. HP: 13/53 MP: 7/14
  3286 | D:3      | Reached skill level 6 in Spellcasting
  3822 | D:3      | Reached XP level 7. HP: 59/59 MP: 4/16
  4507 | D:4      | Reached skill level 7 in Spellcasting
  4647 | D:3      | Reached skill level 5 in Fire Magic
  5280 | D:4      | Noticed Edmund
  5289 | D:4      | Killed Edmund
  5289 | D:4      | Reached skill level 8 in Spellcasting
  5403 | D:4      | Reached XP level 8. HP: 55/67 MP: 20/20
  5991 | D:5      | Entered Level 5 of the Dungeon
  5991 | D:5      | Found Wikh's General Store.
  5994 | D:5      | Bought a potion of curing for 42 gold pieces
  5994 | D:5      | Bought a scroll of remove curse for 42 gold pieces
  6091 | D:5      | Identified the Tome of the Supportive Rocks
  6137 | D:5      | Reached skill level 9 in Spellcasting
  6442 | D:5      | Learned a level 4 spell: Sticky Flame
  6444 | D:5      | Learned a level 1 spell: Summon Small Mammal
  6482 | D:5      | Reached skill level 1 in Conjurations
  7261 | D:5      | Noticed a hand axe
  7262 | D:5      | Noticed a hand axe
  7263 | D:5      | Found a hide-covered altar of Uskayaw.
  7581 | D:6      | Noticed Dowan
  7608 | D:6      | Found a hazy altar of Hepliaklqana.
  7711 | D:6      | Reached XP level 9. HP: 54/74 MP: 10/22
  7922 | D:6      | Slain by a centaur

Skill      XL: |  1  2  3  4  5  6  7  8  9 |
---------------+----------------------------+-----
Spellcasting   | 3 4 5 6 8 9 |  9.3
Fire Magic     | 3 4 5 6 7 |  7.3
Conjurations   | 2 3 |  3.5
Dodging        | |  1.7
Stealth        | |  1.4

Action                   |  1- 3 |  4- 6 |  7- 9 || total
-------------------------+-------+-------+-------++-------
Melee: Unarmed           |    22 |       |       ||    22
       Club              |     1 |       |       ||     1
       Dagger            |    13 |    75 |   166 ||   254
 Fire: Hunting sling     |    30 |    67 |    22 ||   119
Throw: Stone             |     9 |     1 |     6 ||    16
 Cast: Flame Tongue      |    37 |    40 |    87 ||   164
       Conjure Flame     |       |     2 |     6 ||     8
       Sticky Flame      |       |       |     6 ||     6
  Use: Scroll            |       |     1 |       ||     1
       Potion            |       |       |     1 ||     1
 Stab: Sleeping          |     1 |       |     2 ||     3
  Eat: Chunk             |     3 |     6 |    14 ||    23
Armor: Robe              |    14 |    68 |    37 ||   119
Dodge: Dodged            |    29 |   121 |    83 ||   233
